 Dungeon Crawl Stone Soup version 0.20.1-1-g8b1a95d (webtiles) character file.

83 Ymberti the Magician (level 4, 0/24 HPs)
             Began as a Deep Elf Fire Elementalist on Sept 15, 2017.
             Slain by a vampire bat (2 damage)
             ... on level 2 of the Dungeon.
             The game lasted 00:09:26 (1510 turns).

Ymberti the Magician (Deep Elf Fire Elementalist)   Turns: 1510, Time: 00:09:27

Health: 0/24       AC:  9    Str:  5    XL:     4   Next: 22%
Magic:  5/12       EV: 10    Int: 21    God:
Gold:   52         SH:  0    Dex: 15    Spells: 5/11 levels left

rFire    . . .     SeeInvis .   a - +0 dagger
rCold    . . .     Gourm    .   (no shield)
rNeg     . . .     Faith    .   g - +4 ring mail
rPois    .         Spirit   .   (no helmet)
rElec    .         Reflect  .   (no cloak)
rCorr    .         Harm     .   (no gloves)
MR       .....                  (no boots)
Stlth    +.........             (no amulet)
Regen    0.1/turn               (no ring)
MPRegen  0.2/turn               (no ring)

@: very slightly contaminated, invisible
A: no striking features
a: no special abilities


You were on level 2 of the Dungeon.
You were not hungry.

You visited 1 branch of the dungeon, and saw 3 of its levels.

You collected 52 gold pieces.

Inventory:

Hand Weapons
 a - a +0 dagger (weapon)
Armour
 g - a +4 ring mail (worn)
Scrolls
 e - a scroll of teleportation
 i - 2 scrolls of fog {unknown}
 j - a scroll of remove curse {unknown}
 k - a scroll of recharging {unknown}
 m - a scroll of immolation {unknown}
 n - a scroll of random uselessness {unknown}
 o - a scroll of magic mapping {unknown}
Potions
 h - a potion of haste {unknown}
 l - a potion of degeneration {unknown}
Books
 b - a book of Flames

   Spells                             Type                      Level
   a - Flame Tongue                   Conjuration/Fire             1
   b - Throw Flame                    Conjuration/Fire             2
   c - Conjure Flame                  Conjuration/Fire             3
   d - Inner Flame                    Hexes/Fire                   3
   e - Sticky Flame                   Conjuration/Fire             4
   f - Fireball                       Conjuration/Fire             5
Comestibles
 c - a bread ration
 f - a fruit


   Skills:
 + Level 0.2 Fighting
 + Level 1.7 Short Blades
 + Level 0.2 Armour
 + Level 3.2 Dodging
 + Level 2.4 Stealth
 + Level 4.0 Spellcasting
 + Level 1.7 Conjurations
 + Level 3.6 Fire Magic


You had 5 spell levels left.
You knew the following spells:

 Your Spells              Type           Power        Failure   Level  Hunger
a - Flame Tongue          Conj/Fire      ###..        19%         1    None
b - Throw Flame           Conj/Fire      ###...       28%         2    #......
c - Conjure Flame         Conj/Fire      ###.....     50%         3    ###....


Dungeon Overview and Level Annotations

Branches:
Dungeon (3/15)

Altars:
Kikubaaqudgha

Annotations:
D:3 Jessica


Message History

Jessica casts a spell.
Jessica seems to speed up.
The vampire bat barely misses you. The vampire bat closely misses you.
The vampire bat barely misses you.
Jessica mumbles some strange words.
Jessica blinks!
Found a stone staircase leading down.
There is a stone staircase leading up here.
The vampire bat bites you but does no damage. x2
The vampire bat bites you.
* * * LOW HITPOINT WARNING * * *
The vampire bat draws strength from your injuries!
Jessica grins evilly.
You climb upwards.
There is a stone staircase leading down here.
It was a potion of invisibility.
You fade into invisibility!
The vampire bat bites you but does no damage.
The vampire bat bites you.
You die...

#.......###.........
#..........)......)†
#...............#.#.
#.......#######'#.#.
###.###.###.........
#.#.....#.........
#.....<.#........#
#b#.....##........
#@b)..............
###.....##....####
#.....##....#
#.....#######
#.....# #######


You could see 2 vampire bats.

Vanquished Creatures
  Natasha (D:3)
  An ooze (D:2)
  A leopard gecko (D:2)
  2 bat skeletons (D:3)
  5 bat zombies (D:3)
  2 giant cockroaches
  5 goblins
  7 hobgoblins
  6 jackals
  3 bats
  A frilled lizard (D:1)
  7 kobolds
  4 rats
45 creatures vanquished.

Notes
Turn   | Place    | Note
-------+----------+-------------------------------------------
     0 | D:1      | Ymberti the Deep Elf Fire Elementalist began the quest for the Orb.
     0 | D:1      | Reached XP level 1. HP: 10/10 MP: 6/6
   403 | D:1      | Reached XP level 2. HP: 15/15 MP: 4/8
  1062 | D:2      | Reached XP level 3. HP: 16/19 MP: 2/10
  1218 | D:2      | Reached skill level 1 in Short Blades
  1411 | D:3      | Noticed Natasha
  1414 | D:3      | Killed Natasha
  1414 | D:3      | Reached XP level 4. HP: 14/24 MP: 7/11
  1474 | D:3      | Learned a level 2 spell: Throw Flame
  1478 | D:3      | Learned a level 3 spell: Conjure Flame
  1480 | D:3      | Found an ancient bone altar of Kikubaaqudgha.
  1486 | D:3      | Noticed Jessica
  1489 | D:3      | Reached skill level 4 in Spellcasting
  1510 | D:2      | Slain by a vampire bat

Skill      XL: |  1  2  3  4 |
---------------+-------------+-----
Dodging        | 3 |  3.2
Short Blades   | 1 |  1.7
Spellcasting   | 4 |  4.0
Fighting       | |  0.2
Armour         | |  0.2
Stealth        | |  2.4
Conjurations   | |  1.7
Fire Magic     | |  3.6

Action                   |  1- 3 |  4- 6 || total
-------------------------+-------+-------++-------
Melee: Unarmed           |     1 |       ||     1
       Dagger            |   128 |    10 ||   138
 Cast: Flame Tongue      |    56 |    11 ||    67
  Use: Scroll            |     2 |     1 ||     3
       Potion            |       |     1 ||     1
 Stab: Sleeping          |     1 |       ||     1
  Eat: Bread ration      |     1 |       ||     1
Armor: Ring mail         |   108 |    84 ||   192
Dodge: Dodged            |   116 |    93 ||   209
